 Dungeon Crawl Stone Soup version 0.24.0-13-gcf9b319 (webtiles) character file.

Game seed: 8310098324190672080, levelgen mode: deterministic

1101 Fang the Covered (level 8, 0/51 HPs)
             Began as a Gargoyle Fighter on Dec 12, 2019.
             Slain by a mummy (2 damage)
             ... in an ossuary on Dec 13, 2019.
             The game lasted 00:04:12 (4786 turns).

Fang the Covered (Gargoyle Fighter)                 Turns: 4786, Time: 00:04:13

Health: 0/51       AC: 15    Str: 23    XL:     8   Next: 32%
Magic:  8/8        EV:  6    Int:  8    God:
Gold:   218        SH: 10    Dex:  9    Spells: 7/7 levels left

rFire    + . .     SeeInvis .   a - +0 war axe
rCold    . . .     Gourm    .   B - +0 shield
rNeg     + . .     Faith    .   b - +0 chain mail
rPois    ∞         Spirit   .   (no helmet)
rElec    +         Reflect  .   (no cloak)
rCorr    .         Harm     .   (no gloves)
MR       .....                  (no boots)
Stlth    ..........             (no amulet)
HPRegen  0.17/turn              k - ring of protection from fire
MPRegen  0.11/turn              (no ring)

@: no status effects
A: negative energy resistance 1, electricity resistance, unbreathing,
petrification resistance, rot immunity, AC +5
a: no special abilities


You were in an ossuary.
You were not hungry.

You visited 2 branches of the dungeon, and saw 6 of its levels.
You also visited: Ossuary.

You collected 218 gold pieces.

Inventory:

Hand Weapons
 a - a +0 war axe (weapon)
Armour
 b - a +0 chain mail (worn)
 B - a +0 shield (worn)
Jewellery
 k - a ring of protection from fire (left hand)
Scrolls
 e - 6 scrolls of identify {unknown}
 f - a scroll of blinking {unknown}
 h - 2 scrolls of amnesia {unknown}
 m - a scroll of enchant weapon {unknown}
 o - a scroll of remove curse {unknown}
 p - a scroll of noise {unknown}
 q - 3 scrolls of enchant armour {unknown}
Potions
 d - 2 potions of might
 i - 2 potions of curing {unknown}
 j - 3 potions of lignification {unknown}
 l - 2 potions of mutation {unknown}
 n - 2 potions of heal wounds {unknown}
 r - a potion of degeneration {unknown}
Comestibles
 c - 10 rations
 g - 11 chunks of flesh


   Skills:
 + Level 6.1 Fighting
 + Level 4.6 Axes
 + Level 6.2 Armour
 + Level 6.1 Shields


You had 7 spell levels left.
You didn't know any spells.
Your spell library was empty.

Dungeon Overview and Level Annotations

Branches:
Dungeon (5/15)             Temple (1/1) D:4         Ossuary (1/1)

Altars:
Fedhas
Gozag
Kikubaaqudgha
Makhleb
Okawaru
Qazlal
Ru
Sif Muna
Uskayaw
Wu Jian
Xom
Yredelemnul
Zin
The Shining One


Innate Abilities, Weirdness & Mutations

You are resistant to torment.
Your stone body is resilient. (AC +5)
You are immune to poison.
You resist negative energy. (rN+)
You are resistant to electric shocks. (rElec)
You can survive without breathing.
You are immune to petrification.
You are immune to rotting.


Message History

* * * LOW HITPOINT WARNING * * *
You block the big kobold zombie's attack.
The hobgoblin zombie hits you but does no damage.
You block the mummy's attack. The mummy barely misses you.
You hit the mummy.
The mummy is almost destroyed.
You closely miss the kobold zombie. You slash the big kobold zombie!
Your shield and chain mail prevent you from hitting the hobgoblin zombie.
You hit the mummy but do no damage.
A kobold zombie comes into view.
You block the kobold zombie's attack.
The big kobold zombie hits you but does no damage.
The hobgoblin zombie hits you but does no damage.
You closely miss the mummy.
The mummy is almost destroyed.
You hit the mummy. You hit the hobgoblin zombie. You hit the big kobold zombie.
You hit the kobold zombie.
You destroy the kobold zombie!
The mummy hits you.
You die...

....##....##..
..Z..........
............
...........
........#
......# #.Z..#
#@Z..# #MM..#
#....# #....#
#....# #....#
#....# #.∩∩.#
######


You could see 2 mummies, a hobgoblin zombie, a kobold zombie and a big kobold
zombie.

Vanquished Creatures
  2 phantoms
  An orc warrior (D:4)
  An ogre (D:4)
  2 centaurs
  A crimson imp (D:5)
  A hound (D:4)
  2 orc priests (D:4)
  2 iguanas (D:4)
  A bullfrog skeleton (D:4)
  An orc wizard (D:3)
  2 worker ants
  2 mummies (Ossuary)
  A worker ant zombie (D:5)
  4 adders
  9 gnolls (D:4)
  5 oozes
  An adder skeleton (D:5)
  3 worms
  4 dart slugs
  2 leopard geckos
  17 orcs
  A ball python (D:3)
  4 giant cockroaches
  A gnoll zombie (Ossuary)
  6 goblins
  10 hobgoblins
  4 jackals
  3 quokkas
  5 bats
  5 frilled lizards
  7 kobolds
  3 kobold zombies (Ossuary)
  An orc zombie (Ossuary)
  10 rats
124 creatures vanquished.

Notes
Turn   | Place    | Note
-------+----------+-------------------------------------------
     0 | D:1      | Fang the Gargoyle Fighter began the quest for the Orb.
     0 | D:1      | Reached XP level 1. HP: 14/14 MP: 1/1
   149 | D:1      | Reached XP level 2. HP: 18/19 MP: 2/2
   303 | D:1      | Reached XP level 3. HP: 23/23 MP: 3/3
   948 | D:2      | Reached XP level 4. HP: 29/29 MP: 4/4
  1033 | D:2      | Noticed a centaur
  1047 | D:2      | Killed a centaur
  1047 | D:2      | Reached XP level 5. HP: 29/33 MP: 5/5
  1777 | D:3      | Reached XP level 6. HP: 27/39 MP: 6/6
  1815 | D:3      | Found a faded altar of an unknown god.
  2040 | D:3      | Found an opulent altar of Gozag.
  2816 | D:4      | Noticed a phantom
  2871 | D:4      | Killed a phantom
  2871 | D:4      | Reached skill level 5 in Fighting
  2871 | D:4      | Reached skill level 5 in Armour
  2871 | D:4      | Reached skill level 5 in Shields
  2871 | D:4      | Reached XP level 7. HP: 28/44 MP: 7/7
  3120 | D:4      | Found a blossoming altar of Fedhas.
  3120 | D:4      | Found an ancient bone altar of Kikubaaqudgha.
  3255 | D:4      | Found a staircase to the Ecumenical Temple.
  3460 | D:4      | Found a hide-covered altar of Uskayaw.
  3564 | Temple   | Entered the Ecumenical Temple
  4531 | D:5      | Entered Level 5 of the Dungeon
  4567 | D:5      | Reached XP level 8. HP: 33/51 MP: 8/8
  4723 | D:5      | Found a sand-covered staircase.
  4756 | Ossuary  | Entered an ossuary
  4784 | Ossuary  | HP: 1/51 [kobold zombie (2)]
  4786 | Ossuary  | Slain by a mummy

Levels and vault maps discovered:
D:1:      dpeg_arrival_arbitrary_a, layout_basic
D:2:      layout_basic
D:3:      layout_basic, chequers_ecumenical_altar_simple_redux, first_ration,
          serial_forest, infiniplex_forest_lined_3_way,
          infiniplex_forest_corner_1, infiniplex_forest_end_3,
          infiniplex_forest_clump_tiny, infiniplex_forest_corner_1,
          infiniplex_forest_clump_curved, infiniplex_forest_clump_diagonal,
          infiniplex_forest_clump_small, infiniplex_forest_end_2,
          grunt_gozag_breadcrumbs
D:4:      layout_basic, grunt_temple_overflow_growth_and_decay,
          lemuel_coloured_pillars_altar, minmay_temple_entry_junction,
          amethyst_killhole
D:5:      cheibrodos_iron_armory, layout_cave_pools,
          lightli_ossuary_entry_decrepit_ruins, uniq_prince_ribbit1,
          uniq_sigmund
Temple:   minmay_temple_curvy_loop
Ossuary:  ossuary_tomb_3

Skill      XL: |  1  2  3  4  5  6  7  8 |
---------------+-------------------------+-----
Axes           | 2 3 4 |  4.6
Fighting       | 4 5 6 |  6.1
Armour         | 4 5 6 |  6.2
Shields        | 4 5 6 |  6.1

Action                   |  1- 3 |  4- 6 |  7- 9 || total
-------------------------+-------+-------+-------++-------
Melee: War axe           |   112 |   215 |   227 ||   554
  Eat: Chunk             |       |     7 |     7 ||    14
Armor: Scale mail        |    87 |   111 |       ||   198
       Chain mail        |       |    38 |   144 ||   182
Dodge: Dodged            |    33 |    69 |    66 ||   168
Block: Shield            |    67 |   121 |   149 ||   337
